Map: King's Cove LE

Players

Conagrzale - Winner!

  • Race: Zerg Zerg
  • League: Master
  • Spawn Location: 11:00

sirapox

  • Race: Terran Terran
  • Spawn Location: 5:00

VOD

Have the link to the VOD?

Description

Time

  • Played on: April 20, 2025, 6:30 p.m.
  • Length: 11:23
Show
View Real Time Build Order
Export as new Build Order

Conagrzale Zerg - Winner!

Build Orders: Hatch First 

Get SALT Encoding   

  12  0:00  Drone  
  13  0:13  Overlord  
  13  0:20  Drone  
  14  0:32  Drone x2  
  14  0:35  Drone  
  17  0:56  Hatchery  
  16  1:00  Drone x2  
  18  1:16  Spawning Pool  
  18  1:17  Drone  
  18  1:23  Overlord  
  18  1:30  Extractor  
  17  1:33  Drone  
  18  1:45  Drone  
  19  1:54  Drone  
  20  2:14  Queen  
  22  2:18  Queen  
  22  2:19  Hatchery  
  23  2:24  Zergling x4  
  25  2:31  Drone x2  
  27  2:38  Metabolic Boost  
  27  3:04  Zergling x12  
  33  3:23  Baneling Nest  
  32  3:28  Lair  
  32  3:32  Extractor  
  32  3:33  Drone x2  
  33  3:35  Drone x2  
  33  3:38  Queen  
  33  3:40  Drone  
  38  3:46  Overlord  
  38  4:13  Drone x8  
  38  4:14  Drone x2  
  48  4:32  Drone x2  
  48  4:33  Roach Warren  
  48  4:34  Overlord  
  49  4:55  Baneling x2  
  49  4:56  Baneling x3  
  49  5:09  Drone x6  
  49  5:12  Overlord  
  49  5:13  Overlord x3  
  55  5:24  Drone x3  
  58  5:41  Drone x2  
  60  5:44  Overlord x3  
  60  5:48  Roach x10  
  79  6:21  Infestation Pit  
  78  6:26  Extractor  
  78  6:27  Extractor  
  76  6:47  Hatchery  
  76  6:50  Spire  
  76  6:51  Hatchery  
  73  6:54  Ravager  
  74  7:07  Drone x6  
  80  7:21  Drone x6  
  86  7:32  Hatchery  
  86  7:34  Hatchery  
  84  7:37  Zergling x2  
  84  7:38  Zergling x32  
  101  7:47  Ravager  
  101  7:48  Ravager x3  
  101  7:49  Ravager  
  106  7:53  Overlord x2  
  106  7:54  Overlord x2  
  106  7:59  Queen  
  106  8:02  Queen  
  106  8:05  Hive  
  110  8:13  Extractor  
  110  8:14  Extractor  
  110  8:15  Drone x2  
  110  8:20  Extractor  
  110  8:26  Extractor  
  108  8:29  Roach x4  
  108  8:30  Roach x13  
  120  9:03  Corruptor  
  120  9:04  Corruptor x2  
  99  9:38  Zergling x2  
  99  9:39  Zergling x42  
  121  9:49  Burrow  
  121  9:55  Drone  
  122  10:08  Zergling x40  
  142  10:31  Drone x2  
  144  10:43  Drone x3  
  144  10:47  Zergling x38  
  144  10:48  Zergling x2  
Show
View Real Time Build Order
Export as new Build Order

sirapox Terran 

Build Orders:  

Get SALT Encoding   

  12  0:03  SCV  
  13  0:21  Supply Depot  
  13  0:31  SCV, Supply Depot  
  14  0:40  Refinery  
  14  0:43  SCV  
  15  0:56  Barracks  
  15  0:59  SCV  
  16  1:11  SCV  
  17  1:23  SCV  
  18  1:28  Refinery  
  18  1:35  SCV  
  19  1:44  Marine  
  20  1:48  SCV  
  21  2:00  SCV  
  22  2:02  Marine  
  23  2:12  SCV  
  24  2:24  SCV  
  24  2:27  Reaper  
  26  2:36  SCV  
  27  2:42  Factory  
  27  2:44  Command Center  
  27  3:00  Reaper  
  28  3:10  Orbital Command  
  28  3:33  Starport  
  28  3:38  Starport  
  28  3:51  SCV  
  29  3:57  Refinery  
  29  4:02  Supply Depot  
  29  4:03  SCV  
  29  4:07  Supply Depot  
  28  4:13  Marine  
  28  4:15  SCV  
  30  4:21  Refinery  
  30  4:23  Starport Tech Lab x2  
  30  4:27  SCV  
  30  4:31  Marine  
  32  4:39  SCV  
  32  4:43  Orbital Command  
  31  4:49  Marine  
  31  5:07  Marine  
  31  5:12  SCV  
  33  5:24  SCV  
  33  5:25  Fusion Core  
  34  5:30  Supply Depot  
  34  5:34  Supply Depot  
  34  5:36  SCV  
  35  5:47  Armory  
  35  5:48  SCV  
  36  5:52  Armory  
  36  6:01  SCV  
  35  6:13  SCV  
  35  6:16  Marine  
  37  6:23  Battlecruiser  
  37  6:25  SCV  
  44  6:33  Marine  
  44  6:37  SCV  
  46  6:49  SCV  
  46  6:50  Supply Depot  
  46  6:51  Hyperflight Rotors, Marine  
  46  6:53  Supply Depot  
  48  6:58  Supply Depot  
  48  7:02  Banshee  
  51  7:08  Cloaking Field  
  51  7:09  Marine  
  52  7:15  Terran Ship Weapons Level 1  
  52  7:17  Terran Vehicle And Ship Armor Level 1  
  52  7:27  Marine  
  56  7:47  Weapon Refit  
  59  8:08  Starport  
  59  8:11  Viking  
  58  8:16  Viking  
  57  8:41  Viking  
  57  8:46  Viking  
  28  9:11  Battlecruiser  
  28  9:16  Battlecruiser  
  36  9:29  Command Center  
  36  9:47  SCV  
  37  9:59  SCV  
  38  10:11  SCV  
  39  10:15  Banshee  
  42  10:21  Starport Tech Lab  
  42  10:23  SCV  
  42  10:25  Starport Tech Lab  
  43  10:35  SCV  
  44  10:48  SCV x2  
  46  11:00  SCV  
Tags
 
League
Master
Matchup
TvZ
Spawn Locations
Cross Positions
Add a new tag
Caveats
  • Supply blocks, unpowered buildings, or Contaminate may cause inaccurate times.
  • Supply counts are checked every 10 seconds.